 Dungeon Crawl Stone Soup version 0.27.1 (webtiles) character file.

Game seed: 4300177156879942430

2 SeanNever the Firebug (level 1, -2/11 HPs)
             Began as an Octopode Fire Elementalist on Sept 1, 2021.
             Slain by a kobold (5 damage)
             ... on level 1 of the Dungeon.
             The game lasted 00:00:41 (99 turns).

SeanNever the Firebug (Octopode Fire Elementalist)    Turns: 99, Time: 00:00:41

Health: -2/11      AC:  1    Str:  7    XL:     1   Next: 30%
Magic:  3/3        EV: 13    Int: 17    God:
Gold:   0          SH:  0    Dex: 12    Spells: 3/4 levels left

rFire    . . .     SeeInvis .   (no weapon)
rCold    . . .     Faith    .   (no shield)
rNeg     . . .     Spirit   .   (helmet restricted)
rPois    .         Reflect  .   (no amulet)
rElec    .         Harm     .   (no ring)
rCorr    .         Rampage  .   (no ring)
Will     .....                  (no ring)
Stlth    ++++......             (no ring)
HPRegen  0.03/turn              (no ring)
MPRegen  0.08/turn              (no ring)
                                (no ring)
                                (no ring)

@: no status effects
A: almost no armour, amphibious, 8 rings, camouflage 1, gelatinous body 1,
nimble swimmer 1, tentacles
a: no special abilities


You were on level 1 of the Dungeon.
You visited 1 branch of the dungeon, and saw 1 of its levels.

Inventory:

Potions
 a - a potion of curing {unknown}


   Skills:
 + Level 2.1 Dodging
 + Level 2.8 Stealth
 + Level 2.0 Spellcasting
 + Level 1.0 Conjurations
 + Level 3.0 Fire Magic


You had 3 spell levels left.
You knew the following spells:

 Your Spells              Type           Power      Damage    Failure   Level
a - Foxfire               Conj/Fire      32%        2x1d5     9%          1

Your spell library contained the following spells:

 Spells                   Type           Power      Damage    Failure   Level
 Conjure Flame            Conj/Fire      8%         6-21      26%         3
 Inner Flame              Hex/Fire       6%         N/A       30%         3
 Sticky Flame             Conj/Fire      8%         2d3       63%         4
 Fireball                 Conj/Fire      4%         3d4       93%         5


Dungeon Overview and Level Annotations

Branches:
Dungeon (1/15)

Altars:


Innate Abilities, Weirdness & Mutations

You cannot wear most types of armour.
You are amphibious.
You can wear up to eight rings at the same time.
Your skin changes colour to match your surroundings (Stealth+).
Your rubbery body absorbs attacks. (AC +1, EV +1)
You are camouflaged near water. (Stealth+)
You have tentacles for arms and can constrict up to eight enemies at once.


Message History

Found a puce potion.
Found two stairs.
Found a leather armour.
a - a puce potion A frilled lizard comes into view.
An endoplasm comes into view.
A kobold comes into view. It is wielding a +0 short sword.
The endoplasm quivers.
The kobold shouts!
The frilled lizard hisses angrily.
The endoplasm hits you. The endoplasm hits you.
Found 3 gold pieces.
The frilled lizard barely misses you. The frilled lizard misses you.
You see here a +0 leather armour.
The frilled lizard completely misses you.
You see here 3 gold pieces.
You closely miss the frilled lizard. Your grab misses the frilled lizard.
The frilled lizard misses you.
You tentacle-slap the frilled lizard.
You kill the frilled lizard!
You see here a +0 leather armour.
You aren't carrying any wearable armour.
The endoplasm jiggles.
The endoplasm barely misses you. The kobold misses you.
You barely miss the endoplasm. The endoplasm freezes you.
You are frozen.
The kobold completely misses you. The endoplasm freezes you.
You are frozen.
* * * LOW HITPOINT WARNING * * *
The kobold barely misses you.
You tentacle-slap the endoplasm. You squeeze the endoplasm.
You kill the endoplasm!
The kobold misses you. The kobold closely misses you.
Casting: Foxfire (safe; 9% risk of failure)
Confirm with . or Enter, or press ? or * to list all spells.
You don't know that spell.
The kobold hits you with a +0 short sword.
You die...

. # ##. .. #########..
... #.....^##.# .#
....#......##.##.#
...........##.##.##
...........##.##..####
.........K....##......
......###@≈≈≈≈≈.≈≈≈##
....# ##≈≈≈≈≈≈.≈≈≈≈≈##
... ##≈≈≈≈≈≈≈.≈≈≈≈≈≈##
#+# #≈≈≈8≈≈≈≈≈.≈≈8≈≈≈#
#.# ##≈≈≈≈≈≈≈≈≈≈.≈≈≈≈≈#
#.###.≈≈≈≈≈≈≈≈≈≈.≈≈≈≈≈#
#..[..≈≈≈≈≈≈≈≈≈≈.≈≈≈≈≈#
#$†.##≈≈≈≈≈≈≈>..≈≈≈≈≈≈#
#...##≈≈≈≈≈≈..<≈≈≈≈≈≈≈#


You could see a kobold.

Vanquished Creatures
  An endoplasm (D:1)
  A frilled lizard (D:1)
2 creatures vanquished.

Notes
Turn   | Place    | Note
-------+----------+-------------------------------------------
     0 | D:1      | SeanNever the Octopode Fire Elementalist began the quest
                  | for the Orb.
     0 | D:1      | Reached XP level 1. HP: 11/11 MP: 3/3
    99 | D:1      | Slain by a kobold

Illustrated notes

Levels and vault maps discovered:
D:1:      nzn_arrival_water_spiral, layout_basic,
          shapermc_ecumenical_altar_rom_forum

Action                   || total
-------------------------++-------
Melee: Unarmed           ||     4
       Tentacles         ||     1
Dodge: Dodged            ||    10
